 Dungeon Sprint DCSS version 0.17-a0-1714-g35622ae (webtiles) character file.

4000000 ztt the Axe Maniac (level 21, -13/142 HPs)
             Began as a Vine Stalker Gladiator on Aug 23, 2015.
             Was the Champion of Makhleb.
             Mangled by a destroyer
             ... wielding a +9 great sword of slicing
              (155 damage)
             ... in the Dungeon (Sprint VIII: "Arena of Blood").
             The game lasted 00:01:26 (40 turns).

ztt the Axe Maniac (Vine Stalker Gladiator)           Turns: 40, Time: 00:01:26

Health: -13/142    AC:  8    Str: 28    XL:     21   Next: 31%
Magic:  0/22       EV: 31    Int:  8    God:    Makhleb [******]
Gold:   0          SH:  0    Dex: 15    Spells: 0 memorised, 20 levels left

rFire  . . .     SeeInvis .     l - +∞ Axe of Woe
rCold  . . .     Clarity  .     b - +0 leather armour
rNeg   . . .     SustAt   .     (no shield)
rPois  .         Gourm    .     c - +0 helmet
rElec  .         Spirit   +     (no cloak)
rCorr  .         Warding  .     (no gloves)
rMut   .         NoTele   +     (no boots)
MR     ++...                    (no amulet)
Stlth  +.........               n - +30 ring of slaying
                                m - +30 ring of slaying

@: very resistant to hostile enchantments, very unstealthy
A: fangs 3, regeneration 3, magic shield, antimagic bite, no device heal 3, rot
immunity
a: Minor Destruction, Lesser Servant of Makhleb, Major Destruction, Greater
Servant of Makhleb, Renounce Religion


You were in the Dungeon.
You worshipped Makhleb.
Makhleb was exalted by your worship.
You were not hungry.

You visited 1 branch

Inventory:

Hand weapons
 a - a +0 war axe
 l - the +∞ Axe of Woe (weapon)
   (You found it in the Dungeon)
Missiles
 d - 3 throwing nets (quivered)
Armour
 b - a +0 leather armour (worn)
 c - a +0 helmet (worn)
Jewellery
 m - a +30 ring of slaying (left hand)
 n - a +30 ring of slaying (right hand)
Scrolls
 k - a scroll of blinking
Potions
 f - a potion of curing
 g - a potion of heal wounds
 h - a potion of haste
 i - 2 potions of magic
 j - a potion of berserk rage
Comestibles
 e - a bread ration


   Skills:
 O Level 27 Fighting
 O Level 27 Axes
 O Level 27 Throwing
 O Level 27 Armour
 O Level 27 Dodging


You had 20 spell levels left.
You didn't know any spells.

Dungeon Overview and Level Annotations

Branches:
Dungeon (1/1)

Altars:
Makhleb

Annotations:
D The Servant


Innate Abilities, Weirdness & Mutations

You have razor-sharp teeth.
You regenerate.
When hurt, damage is shared between your health and your magic reserves.
Your bite disrupts and absorbs the magic of your enemies.
Potions and wands cannot restore your health.
You are immune to rotting.


Message History

You chop the destroyer into pieces!!!
You butcher the destroyer messily.
You destroy the destroyer!
Makhleb accepts your kill.
You have mastered Armour!
You have reached level 21!
Your experience leads to an increase in your attributes!
Increase (S)trength, (I)ntelligence, or (D)exterity?
You feel stronger.
You hear a shout! x5
Unknown command.
Unknown command.
Unknown command.
Unknown command.
A meat berserker comes into view. It is wielding a +9 battleaxe.
The meat berserker shouts!
You hear a shout!
You hear a shout!
The bag of meat is engulfed in roaring flames.
You hear a shout! x2
The destroyer hits you with a +9 great sword of slicing!!!!!
Ouch! That really hurt!
You die...

.... .........o.
......O.o #%......#
.. #.%. ...# o.
...###... .O%###.o.
o.......###........
#.....).)_).V......
.....#.§C§@#.....
... #_§o§_# ... .
...#.o§§C#.....
......._.)§......
..V...###O.......
..###... .@.###...
. #... ...# ..
#.......# ... ..§..


You could see The Servant, 2 destroyers, 2 large bags of meat, 3 meat berserkers
and 6 bags of meat.

Vanquished Creatures
  2 vampire knights (D)
  5 ogres (D)
  11 orcs (D)
  2 hill giants (D)
20 creatures vanquished.

Notes
Turn   | Place    | Note
--------------------------------------------------------------
     0 | D        | ztt the Vine Stalker Gladiator began the quest for the Orb.
     0 | D        | Reached XP level 1. HP: 11/11 MP: 2/2
     4 | D        | Became a worshipper of Makhleb the Destroyer
     5 | D        | Noticed a bag of meat
     7 | D        | Noticed a bag of meat
     9 | D        | Killed a bag of meat
     9 | D        | Reached skill level 9 in Fighting
     9 | D        | Reached skill level 16 in Axes
     9 | D        | Reached skill level 15 in Dodging
     9 | D        | Reached XP level 2. HP: 14/23 MP: 3/3
     9 | D        | Reached XP level 3. HP: 17/28 MP: 4/4
     9 | D        | Reached XP level 4. HP: 19/32 MP: 5/5
     9 | D        | Reached XP level 5. HP: 21/36 MP: 6/6
     9 | D        | Gained mutation: You heal very quickly. [Vine Stalker growth]
     9 | D        | Reached XP level 6. HP: 23/41 MP: 7/7
     9 | D        | Reached XP level 7. HP: 24/44 MP: 8/8
     9 | D        | Gained mutation: You have razor-sharp teeth. [Vine Stalker growth]
     9 | D        | Reached XP level 8. HP: 26/49 MP: 9/9
     9 | D        | Reached XP level 9. HP: 28/53 MP: 10/10
     9 | D        | Reached XP level 10. HP: 30/58 MP: 11/11
     9 | D        | Reached XP level 11. HP: 32/62 MP: 12/12
     9 | D        | Gained mutation: You regenerate. [Vine Stalker growth]
     9 | D        | Reached XP level 12. HP: 34/67 MP: 13/13
    10 | D        | Noticed a bag of meat
    10 | D        | Killed a bag of meat
    10 | D        | Acquired Makhleb's first power
    10 | D        | Reached skill level 18 in Axes
    10 | D        | Reached skill level 10 in Throwing
    10 | D        | Reached XP level 13. HP: 67/74 MP: 14/14
    12 | D        | Killed a bag of meat
    12 | D        | Reached skill level 20 in Axes
    12 | D        | Reached XP level 14. HP: 73/82 MP: 15/15
    13 | D        | Noticed a meat berserker
    13 | D        | Noticed a meat berserker
    16 | D        | Noticed a bag of meat
    17 | D        | Noticed a meat berserker
    18 | D        | Noticed a bag of meat
    18 | D        | Killed a meat berserker
    18 | D        | Acquired Makhleb's second power
    18 | D        | Reached skill level 15 in Fighting
    18 | D        | Reached skill level 22 in Axes
    18 | D        | Reached XP level 15. HP: 61/91 MP: 11/16
    18 | D        | Killed a meat berserker
    18 | D        | Reached skill level 24 in Axes
    18 | D        | Reached XP level 16. HP: 64/100 MP: 11/17
    20 | D        | Killed a bag of meat
    20 | D        | Acquired Makhleb's third power
    20 | D        | Reached skill level 25 in Axes
    21 | D        | Noticed a bag of meat
    21 | D        | Noticed a bag of meat
    21 | D        | Noticed a large bag of meat
    22 | D        | Noticed a bag of meat
    22 | D        | Killed a meat berserker
    22 | D        | Reached skill level 26 in Axes
    22 | D        | Reached skill level 15 in Throwing
    22 | D        | Reached XP level 17. HP: 33/108 MP: 3/18
    24 | D        | Noticed a large bag of meat
    25 | D        | Noticed a bag of meat
    25 | D        | Killed a bag of meat
    25 | D        | Acquired Makhleb's fourth power
    25 | D        | Reached skill level 27 in Axes
    26 | D        | Noticed a meat berserker
    27 | D        | Noticed a bag of meat
    28 | D        | Noticed a destroyer
    28 | D        | Killed a bag of meat
    28 | D        | Killed a bag of meat
    28 | D        | Reached skill level 1 in Armour
    28 | D        | Reached XP level 18. HP: 107/119 MP: 1/19
    29 | D        | Killed a bag of meat
    29 | D        | Acquired Makhleb's fifth power
    29 | D        | Reached skill level 27 in Dodging
    29 | D        | Killed a large bag of meat
    30 | D        | Killed a meat berserker
    30 | D        | Reached skill level 27 in Fighting
    30 | D        | Reached XP level 19. HP: 114/132 MP: 1/20
    31 | D        | Killed a large bag of meat
    32 | D        | Noticed a meat berserker
    32 | D        | Killed a bag of meat
    33 | D        | Noticed a bag of meat
    33 | D        | Noticed a destroyer
    34 | D        | Noticed a bag of meat
    35 | D        | Noticed The Servant
    35 | D        | Noticed a large bag of meat
    35 | D        | Noticed a large bag of meat
    35 | D        | Killed a meat berserker
    35 | D        | Reached skill level 27 in Throwing
    36 | D        | Noticed a bag of meat
    36 | D        | Noticed a destroyer
    36 | D        | Killed a destroyer
    36 | D        | Reached XP level 20. HP: 137/137 MP: 1/21
    36 | D        | Killed a bag of meat
    37 | D        | Noticed a meat berserker
    37 | D        | Noticed a large bag of meat
    37 | D        | Noticed a bag of meat
    38 | D        | Noticed a meat berserker
    38 | D        | Killed a bag of meat
    39 | D        | Noticed a bag of meat
    39 | D        | Killed a destroyer
    39 | D        | Reached skill level 27 in Armour
    39 | D        | Reached XP level 21. HP: 142/142 MP: 1/22
    40 | D        | Noticed a meat berserker
    40 | D        | Mangled by a destroyer

Vault maps used:
D:        meatsprint

Action                   |  1- 3 |  4- 6 |  7- 9 | 10-12 | 13-15 | 16-18 | 19-21 || total
-------------------------+-------+-------+-------+-------+-------+-------+-------++-------
Melee: Executioner's axe |     1 |       |       |     1 |     2 |     6 |     6 ||    16
